 Dungeon Crawl Stone Soup version 0.29.1-15-g9cfb28693d (webtiles) character file.

Game seed: 3134941521014552088

1950 BuddhaDhamma the Cleaver (level 8, -4/96 HPs)
             Began as a Minotaur Berserker on Mar 27, 2023.
             Was an Elder of Trog.
             Slain by an ogre
             ... wielding a +0 giant spiked club
              (15 damage)
             ... on level 6 of the Dungeon.
             The game lasted 00:09:52 (5769 turns).

BuddhaDhamma the Cleaver (Minotaur Berserker)       Turns: 5769, Time: 00:09:53

Health: -4/96      AC:  9    Str: 24    XL:     8   Next: 99%
Magic:  7/7        EV:  8    Int:  4    God:    Trog [****..]
Gold:   348        SH:  0    Dex: 10    Spells: 7/7 levels left

rFire   . . .      SeeInvis .   a - +0 hand axe
rCold   . . .      Faith    +   (no shield)
rNeg    . . .      Spirit   .   w - +0 chain mail
rPois   .          Reflect  .   (helmet restricted)
rElec   .          Harm     .   j - scarf {shadows}
rCorr   .          Rampage  .   z - +0 pair of gloves
Will    .....                   (no boots)
Stlth   ..........              B - amulet of faith
HPRegen 0.26/turn               (no ring)
MPRegen 0.10/turn               (no ring)

@: berserking (expiring), very quick
A: horns 2, retaliatory headbutt
a: Renounce Religion, Berserk, Trog's Hand, Brothers in Arms


You were on level 6 of the Dungeon.
You worshipped Trog.
Trog was greatly pleased with you.
You visited 1 branch of the dungeon, and saw 6 of its levels.

You collected 348 gold pieces.

Inventory:

Hand Weapons
 a - a +0 hand axe (weapon)
Missiles
 s - 53 stones (quivered)
Armour
 j - a scarf of shadows (worn)
 k - a +2 pair of gloves of hurling
 w - a +0 chain mail (worn)
 z - a +0 pair of gloves (worn)
Jewellery
 x - a ring of fire
 y - a ring of magical power
 B - an amulet of faith (around neck)
 C - a +6 ring of intelligence
Wands
 o - a wand of polymorph (5)
Scrolls
 b - a scroll of enchant armour {unknown}
 c - a scroll of noise {unknown}
 i - 5 scrolls of fear {unknown}
 m - 2 scrolls of teleportation {unknown}
 q - 4 scrolls of identify {unknown}
 r - 3 scrolls of blinking {unknown}
 u - a scroll of immolation {unknown}
 v - a scroll of summoning {unknown}
Potions
 d - a potion of mutation {unknown}
 e - 6 potions of curing {unknown}
 f - a potion of resistance {unknown}
 g - 3 potions of might {unknown}
 h - 3 potions of heal wounds {unknown}
 l - 2 potions of flight {unknown}
 n - a potion of attraction {unknown}
 p - a potion of lignification {unknown}
 t - a potion of brilliance {unknown}
 A - a potion of cancellation {unknown}
 D - 2 potions of berserk rage {unknown}


   Skills:
 - Level 3.6 Fighting
 + Level 14.2 Axes
 - Level 2.4 Armour
 - Level 2.1 Dodging


You had 7 spell levels left.
You didn't know any spells.
Your spell library was empty.

Dungeon Overview and Level Annotations

Branches:
Dungeon (6/15)             Temple (0/1) D:5

Altars:
Dithmenos
Kikubaaqudgha
Makhleb
Trog
Vehumet

Shops:
D:6 :


Innate Abilities, Weirdness & Mutations

You have a pair of horns on your head.
You reflexively headbutt those who attack you in melee.


Message History

The centaur wields a +0 shortbow.
The centaur shoots an arrow.
The arrow hits you.
You hear a shout!
The ogre shouts!
The gnoll hits you but does no damage. The kobold hits you but does no damage.
The orc warrior closely misses you.
Items here: $ ) ? [.
You slash the kobold!
You kill the kobold!
Trog accepts your kill.
You hit the gnoll. You hit the orc warrior. You barely miss the gnoll.
The centaur hits you.
The centaur kicks you but does no damage.
The centaur shoots an arrow.
The arrow hits you!
The orc warrior hits you with a +0 scimitar!!
The gnoll throws a javelin.
The javelin pierces through you. The gnoll hits you but does no damage.
You hear a shout!
You see here a +0 short sword.
You closely miss the gnoll. Your headbutt misses the gnoll.
You completely miss the centaur. You barely miss the gnoll.
You completely miss the orc warrior. The centaur hits you.
The centaur kicks you but does no damage.
You slice the gnoll!!
You kill the gnoll!
Trog accepts your kill.
You hit the centaur. You hit the gnoll. You closely miss the orc warrior.
The centaur closely misses you. The centaur barely misses you.
The gnoll hits you but does no damage.
The orc warrior hits you with a +0 scimitar!!
* * * LOW HITPOINT WARNING * * *
You slash the gnoll!
You kill the gnoll!
Trog accepts your kill.
You closely miss the gnoll. You hit the centaur. You hit the ogre.
You closely miss the orc warrior.
The centaur hits you but does no damage.
The centaur closely misses you.
The ogre hits you with a +0 giant spiked club!
You die... ♣..♣♣♣.♣P♣P..PP♣PP.....P♣P.....# #### ###♣♣♣..P♣♣♣♣..).♣PPP♣P...# KOgo ##### ##)''#PPPPP...# KKoo.
KOgK

#...#P♣♣♣P♣...#
.cgc.. #.>.##
#♣PP..# .......
#...# #$...$..
#...#
#''########'#
...gcc@o..))+
.....O)g..$.+
#############


You could see an orc warrior, an ogre, 2 centaurs, a gnoll and a hobgoblin.

Vanquished Creatures
  Sigmund (D:3)
  The ghost of BuddhaDhamma the Cleaver, an amateur MiBe of Trog (D:4)
  2 ice beasts (D:6)
  An orc warrior (D:6)
  3 black bears
  2 ogres (D:4)
  A phantom (D:4)
  2 bullfrogs
  2 scorpions
  4 hounds
  A jelly (D:4)
  A gnoll bouda (D:6)
  An orc priest (D:5)
  An iguana (D:5)
  4 orc wizards
  8 gnolls (D:6)
  5 adders
  2 hound simulacra (D:4)
  A shadow imp (D:5)
  2 white imps
  A worm (D:4)
  A dart slug (D:1)
  2 adder simulacra (D:4)
  8 orcs
  7 ball pythons
  6 bats
  7 endoplasms
  A giant cockroach (D:2)
  10 goblins
  10 hobgoblins
  6 jackals (D:1)
  9 kobolds
  4 quokkas
  8 frilled lizards
  7 rats
132 creatures vanquished.

Notes
Turn   | Place    | Note
-------+----------+-------------------------------------------
     0 | D:1      | BuddhaDhamma the Minotaur Berserker began the quest for the
                  | Orb.
     0 | D:1      | Reached XP level 1. HP: 19/19 MP: 0/0
    60 | D:1      | Reached skill level 4 in Axes
   107 | D:1      | Reached XP level 2. HP: 26/26 MP: 1/1
   186 | D:1      | Reached skill level 5 in Axes
   188 | D:1      | Reached ** piety under Trog
   193 | D:1      | Reached XP level 3. HP: 24/31 MP: 2/2
  1241 | D:2      | Identified the +2 robe of Untruth {Str+3}
  1781 | D:3      | Reached skill level 6 in Axes
  1781 | D:3      | Reached XP level 4. HP: 39/39 MP: 3/3
  1826 | D:3      | Found a radiant altar of Vehumet.
  1828 | D:3      | Found a bloodstained altar of Trog.
  1828 | D:3      | Found an ancient bone altar of Kikubaaqudgha.
  2003 | D:3      | Noticed Sigmund
  2011 | D:3      | Killed Sigmund
  2012 | D:3      | Reached skill level 8 in Axes
  2012 | D:3      | Reached XP level 5. HP: 45/45 MP: 4/4
  2147 | D:3      | Found a shadowy altar of Dithmenos.
  2447 | D:4      | Noticed a black bear
  2453 | D:4      | Killed a black bear
  2454 | D:4      | Reached XP level 6. HP: 48/51 MP: 5/5
  2488 | D:4      | Found a burning altar of Makhleb.
  2561 | D:4      | Reached *** piety under Trog
  2684 | D:4      | Found a runed translucent gate.
  2684 | D:4      | Found a runed translucent gate.
  2684 | D:4      | Found a runed translucent gate.
  2752 | D:4      | Found the +6 shillelagh "Devastator" {shatter}
  2758 | D:4      | Reached skill level 9 in Axes
  2763 | D:4      | Reached XP level 7. HP: 36/57 MP: 6/6
  2989 | D:4      | Reached skill level 10 in Axes
  3344 | D:4      | Noticed BuddhaDhamma's ghost (amateur MiBe)
  3424 | D:4      | Killed BuddhaDhamma's ghost
  3694 | D:5      | Entered Level 5 of the Dungeon
  3739 | D:5      | Reached skill level 11 in Axes
  3803 | D:5      | Identified the +6 dagger of the Pariah {spect, rF++ Int+5
                  | Dex-2}
  4474 | D:5      | Reached XP level 8. HP: 57/64 MP: 7/7
  4644 | D:5      | Found a staircase to the Ecumenical Temple.
  4847 | D:6      | Reached skill level 12 in Axes
  5026 | D:6      | Found Wuczih's Vocational Training.
  5088 | D:6      | Reached skill level 13 in Axes
  5603 | D:6      | Identified the +3 sling of the Forest {vorpal, Will+}
  5677 | D:6      | Reached skill level 14 in Axes
  5753 | D:6      | Reached **** piety under Trog
  5769 | D:6      | Slain by an ogre

Illustrated notes

Levels and vault maps discovered:
D:1:      dpeg_arrival_shrine, layout_rooms, minmay_pentomino_u4
D:2:      layout_loops_ring, dk_vineyard_2
D:3:      layout_loops_cross, grunt_dithmenos_smoke,
          chequers_temple_overflow_statue_of_worship, uniq_sigmund
D:4:      layout_rooms, mainiacjoe_overflow_alcove_1, gammafunk_ghost_icy,
          dilly_guarded_unrand_devastator
D:5:      layout_rooms, minmay_temple_entry_nine_rooms
D:6:      kennysheep_housing_project, layout_basic, nicolae_shop_vocational

Skill      XL: |  1  2  3  4  5  6  7  8 |
---------------+-------------------------+-----
Axes           | 4 5 6 8 9 11 14 | 14.2
Fighting       | |  3.6
Armour         | |  2.4
Dodging        | |  2.1

Action                   |  1- 3 |  4- 6 |  7- 9 || total
-------------------------+-------+-------+-------++-------
Melee: Hand axe          |    90 |    47 |   217 ||   354
       Headbutt          |    14 |     6 |    40 ||    60
       Punch             |       |       |     2 ||     2
Throw: Stone             |       |    20 |    44 ||    64
Invok: Berserk           |     1 |     2 |     3 ||     6
Armor: Animal skin       |    13 |       |       ||    13
       Leather armour    |    13 |    16 |     3 ||    32
       Chain mail        |       |       |   102 ||   102
Dodge: Dodged            |    60 |    23 |    76 ||   159
